 Dungeon Crawl Stone Soup version 0.17-a0-1295-gefc790a (webtiles) character file.

26 MonkeyBuisness the Skirmisher (level 2, -1/27 HPs)
             Began as a Minotaur Fighter on June 6, 2015.
             Slain by a gnoll
             ... wielding a +0 spear
              (4 damage)
             ... on level 2 of the Dungeon on June 7, 2015.
             The game lasted 00:01:56 (784 turns).

MonkeyBuisness the Skirmisher (Minotaur Fighter)     Turns: 784, Time: 00:01:56

Health: -1/27      AC:  7    Str: 20    XL:     2   Next: 89%
Magic:  1/1        EV:  5    Int:  5    God:
Gold:   49         SH:  0    Dex:  9    Spells: 0 memorised, 1 level left

rFire  . . .     SeeInvis .     a - +0 war axe
rCold  . . .     Clarity  .     b - +0 scale mail
rNeg   . . .     SustAt   .     (no shield)
rPois  .         Gourm    .     (helmet restricted)
rElec  .         Spirit   .     (no cloak)
rCorr  .         Warding  .     (no gloves)
rMut   .         Stasis   .     (no boots)
MR     .....                    (no amulet)
Stlth  ..........               (no ring)
                                (no ring)

@: not resistant to hostile enchantments, extremely unstealthy
A: retaliatory headbutt, horns 2
a: no special abilities


You were on level 2 of the Dungeon.
You were not hungry.

You visited 1 branch of the dungeon, and saw 2 of its levels.

You collected 49 gold pieces.

Inventory:

Hand weapons
 a - a +0 war axe (weapon)
Armour
 b - a +0 scale mail (worn)
Scrolls
 c - a scroll of random uselessness {unknown}
 f - a scroll of teleportation {unknown}
 g - a scroll of enchant weapon {unknown}
 h - a scroll of identify {unknown}
Potions
 d - a potion of might
 i - 2 potions of heal wounds {unknown}
Comestibles
 e - 2 bread rations {@e1}


   Skills:
 + Level 4.1 Fighting
 + Level 2.7 Axes
 + Level 3.9 Armour
 + Level 0.9 Dodging
   Level 3.9 Shields


You had one spell level left.
You didn't know any spells.

Dungeon Overview and Level Annotations

Branches:
Dungeon (2/15)

Altars:


Innate Abilities, Weirdness & Mutations

You reflexively headbutt those who attack you in melee.
You have a pair of horns on your head.


Message History

You furiously retaliate!
You headbutt the kobold!
You kill the kobold!
Things that are here:
a whip; 4 stones No target in view!
c - a scroll labeled NIUSEL FAWKIEX No target in view!
A bat comes into view.
Health restored: 27 A bat is nearby!
The bat barely misses you. You furiously retaliate!
You headbutt the bat.
A bat is nearby!
You slash the bat!
You kill the bat!
A worm comes into view.
A worm is nearby!
A worm is nearby!
The worm closely misses you. You furiously retaliate!
You headbutt the worm, but do no damage.
A worm is nearby!
You hit the worm. You headbutt the worm!
A worm is nearby!
You hit the worm. The worm barely misses you. You furiously retaliate!
You headbutt the worm, but do no damage.
A worm is nearby!
You slash the worm!
You kill the worm!
You now have 49 gold pieces (gained 5).
i - 2 pink potions No target in view!
A gnoll comes into view.
The gnoll shouts!
A gnoll is nearby!
A gnoll comes into view. It is wielding a spear.
A gnoll is nearby! 2 gnolls come into view.
The gnoll shouts! x2
There are monsters nearby!
The gnoll hits you.
You take 1 damage, and have 26/27 hp.
There are monsters nearby!
You barely miss the gnoll. Your headbutt misses the gnoll. The gnoll hits you.
The gnoll hits you but does no damage.
There are monsters nearby!
You closely miss the gnoll. The gnoll hits you but does no damage.
The gnoll hits you.
The gnoll hits you from afar with a spear. x2
The gnoll hits you.
* * * LOW HITPOINT WARNING * * *
There are monsters nearby!
You are too injured to fight recklessly!
There are monsters nearby!
You take 18 damage, and have 8/27 hp.
MASSIVE DAMAGE!!
The gnoll hits you.
* * * LOW HITPOINT WARNING * * *
You take 3 damage, and have 6/27 hp.
There is a stone staircase leading up here.
The gnoll barely misses you.
You climb upwards.
There is a stone staircase leading down here.
You closely miss the gnoll. The gnoll barely misses you.
You slash the gnoll!
You kill the gnoll!
Your Fighting skill increases to level 4!
You start resting.
Health restored: 27 You climb downwards.
The gnoll completely misses you. The gnoll hits you with a spear.
The gnoll barely misses you.
There is a stone staircase leading up here.
You take 1 damage, and have 26/27 hp.
The gnoll completely misses you. The gnoll hits you but does no damage.
The gnoll barely misses you.
You climb upwards.
There is a stone staircase leading down here.
Your scale mail prevents you from hitting the gnoll.
You barely miss the gnoll. You hit the gnoll.
The gnoll hits you but does no damage. The gnoll hits you with a spear.
The gnoll hits you.
You take 7 damage, and have 19/27 hp.
MASSIVE DAMAGE!!
You barely miss the gnoll. You hit the gnoll. You closely miss the gnoll.
The gnoll hits you but does no damage. The gnoll hits you with a spear.
The gnoll hits you but does no damage. The gnoll hits you with a spear.
The gnoll closely misses you. You furiously retaliate!
You headbutt the gnoll, but do no damage.
The gnoll hits you.
You take 8 damage, and have 11/27 hp.
MASSIVE DAMAGE!!
The gnoll hits you but does no damage. The gnoll hits you.
* * * LOW HITPOINT WARNING * * *
The gnoll hits you with a spear.
* * * LOW HITPOINT WARNING * * *
You climb downwards.
There is a stone staircase leading up here.
You take 8 damage, and have 3/27 hp.
MASSIVE DAMAGE!!
The gnoll barely misses you. The gnoll hits you but does no damage.
The gnoll hits you with a spear.
You die...

#.#...............
#.......(......#..
####............###
#...............#
#...............#
#.....#.........#
#.(...............
#.g...#############
#.@g..# #g....#
#######


You could see 3 gnolls.

Vanquished Creatures
  A gnoll (D:1)
  A worm (D:2)
  2 goblins (D:1)
  2 hobgoblins (D:1)
  A jackal (D:1)
  3 bats
  3 kobolds
  3 rats (D:1)
16 creatures vanquished.

Notes
Turn   | Place    | Note
--------------------------------------------------------------
     0 | D:1      | MonkeyBuisness the Minotaur Fighter began the quest for the Orb.
     0 | D:1      | Reached XP level 1. HP: 19/19 MP: 0/0
   147 | D:1      | Reached XP level 2. HP: 17/27 MP: 1/1
   549 | D:2      | HP: 6/27 [gnoll (3)]
   559 | D:1      | Reached skill level 4 in Fighting
   782 | D:1      | HP: 6/27 [gnoll (5)]
   784 | D:2      | Slain by a gnoll

Vault maps used:
D:1:      sevenhm_arrival_forest_fort_small_4, st_stairs_2
D:2:      nicolae_overflow_hidden_temple, grunt_decor_arrowhead

Action                   || total
-------------------------++-------
Melee: War axe           ||    50

Vault maps used:
D:1:      sevenhm_arrival_forest_fort_small_4, st_stairs_2
D:2:      nicolae_overflow_hidden_temple, grunt_decor_arrowhead

Table legend:
 A = Turns spent in this place as a percentage of turns spent in the entire game.
 B = Non-inter-level travel turns spent in this place as a percentage of non-inter-level travel turns spent in the entire game.
 C = Inter-level travel turns spent in this place as a percentage of turns spent in this place.
 D = Turns resting spent in this place as a percentage of non-inter-level travel turns spent in this place.
 E = Turns spent auto-exploring this place as a percentage of non-inter-level travel turns spent in this place.
 F = Non-inter-level travel turns spent in this place divided by the number of levels of this place that you've seen.
                   A       B       C       D       E      F
               +-------+-------+-------+-------+-------+----------------------
         Total | 100.0 | 100.0 |   0.4 |   1.6 |  13.6 | 125.0
       Dungeon | 100.0 | 100.0 |   0.4 |   1.6 |  13.6 | 125.0
               +-------+-------+-------+-------+-------+----------------------

Table legend:
 A = Kills in this place as a percentage of kills in entire the game.
 B = Kills by you in this place as a percentage of kills by you in the entire game.
 C = Kills by friends in this place as a percentage of kills by friends in the entire game.
 D = Other kills in this place as a percentage of other kills in the entire game.
 E = Experience gained in this place as a percentage of experience gained in the entire game.
 F = Experience gained in this place divided by the number of levels of this place that you have seen.
                   A       B       C       D       E      F
               +-------+-------+-------+-------+-------+----------------------
         Total | 100.0 | 100.0 |  -nan |  -nan | 100.0 |  19.0
       Dungeon | 100.0 | 100.0 |  -nan |  -nan | 100.0 |  19.0
               +-------+-------+-------+-------+-------+----------------------
